AoeStats
← PACIENCIA CHICOS, TENGO LAG

Arabia

513102494Analyzed
1v1 RM · 4d ago on Oct 12, 2026· 18m 53s· 2 players
Game mode
Random Map
Map size
Tiny (2 player)
Population
200
Speed
Normal
Resources
Standard
Victory
Conquest
Starting age
Dark Age
Ending age
Imperial Age
RankedLock teamsTeams togetherTeam positionsShared explorationLock speedFull tech treeHidden civsTurbo modeCheats
Victory
Defeat
🇺🇸 Huns · United States
1432
+17
vs
1460
-17
shaedi
5:25 Loom
8:42 Feudal Age
9:58 Double-Bit Axe
16:23 Horse Collar
17:02 Fletching
PACIENCIA CHICOS, TENGO LAG
7:30 Loom
10:30 Feudal Age
11:05 Horse Collar
11:11 Double-Bit Axe
Connection lost

Rejoining the realm…

Still unreachable

The connection could not be restored.

Session expired

The server has moved on; the page needs a fresh start.